 Dungeon Crawl Stone Soup version 0.19.4-9-g45fd643 (webtiles) character file.

98 Maelstr0m the Shield-Bearer (level 5, -4/42 HPs)
             Began as a Formicid Fighter on Feb 22, 2017.
             Slain by Crazy Yiuf
             ... wielding a +4 quarterstaff of chaos
              (5 damage)
             ... on level 2 of the Dungeon.
             The game lasted 00:04:52 (1101 turns).

Maelstr0m the Shield-Bearer (Formicid Fighter)      Turns: 1101, Time: 00:04:54

Health: -4/42      AC:  9    Str: 23    XL:     5   Next: 1%
Magic:  5/5        EV:  6    Int:  8    God:
Gold:   104        SH:  9    Dex: 10    Spells: 0 memorised, 4 levels left

rFire  . . .     SeeInvis +     a - +0 war axe
rCold  . . .     Gourm    .     l - +0 chain mail
rNeg   . . .     Faith    .     c - +0 shield
rPois  .         Spirit   .     (helmet unavailable)
rElec  .         Reflect  .     (no cloak)
rCorr  .         Harm     .     (no gloves)
MR     .....                    (no boots)
Stlth  ..........               (no amulet)
                                (no ring)
                                g - +2 ring of strength

@: lethally poisoned (-4 -> -18), drained
A: permanent stasis, dig shafts and tunnels, four strong arms, antennae 3
a: Dig, Shaft Self


You were on level 2 of the Dungeon.
You were not hungry.

You visited 1 branch of the dungeon, and saw 2 of its levels.

You collected 104 gold pieces.

Inventory:

Hand Weapons
 a - a +0 war axe (weapon)
Armour
 b - a +0 scale mail
 c - a +0 shield (worn)
 l - a +0 chain mail (worn)
Jewellery
 g - a +2 ring of strength (left hand)
Scrolls
 e - a scroll of teleportation {unknown}
 i - 2 scrolls of immolation {unknown}
 k - a scroll of magic mapping {unknown}
Potions
 d - a potion of might
 j - a potion of cure mutation {unknown}
Comestibles
 f - a bread ration
 h - 2 fruits


   Skills:
 + Level 4.0(3.6) Fighting
 * Level 3.2(2.8) Axes
 + Level 4.0(3.6) Armour
 + Level 4.3(3.9) Shields


You had 4 spell levels left.
You didn't know any spells.

Dungeon Overview and Level Annotations

Branches:
Dungeon (1/15)

Altars:

Annotations:
D:2 Crazy Yiuf


Innate Abilities, Weirdness & Mutations

You are under a permanent stasis effect.
You can dig through walls and to a lower floor.
Your four strong arms can wield two-handed weapons with a shield.
You have a pair of large antennae on your head. (SInv)


Message History

Crazy Yiuf is lightly wounded.
Crazy Yiuf hits you with a quarterstaff of chaos.
Crazy Yiuf freezes you.
You closely miss Crazy Yiuf.
Crazy Yiuf is lightly wounded.
Crazy Yiuf hits you with a quarterstaff of chaos!
* * * LOW HITPOINT WARNING * * *
You are lethally poisoned!
You hit Crazy Yiuf.
Crazy Yiuf is moderately wounded.
* * * LOW HITPOINT WARNING * * *
You feel very sick. You block Crazy Yiuf's attack.
Your shield and chain mail prevent you from hitting Crazy Yiuf.
Crazy Yiuf is moderately wounded.
* * * LOW HITPOINT WARNING * * *
You feel sick.
Crazy Yiuf laughs, "Mountain sizzlefizz Xom!"
Crazy Yiuf hits you with a quarterstaff of chaos.
You die...

#.....)................# ##
#......................# #
#..........##..........# #
#....################..#####
#....# #....... #....#
#.###### ###### #### ♣♣##..#
# #)..#♣♣ ♣♣.....#
#..g@.♣♣♣♣PP....#
#...#♣..♣.P.....# ####
♣♣♣.♣.P....# ♣♣♣♣♣##.## ###


You could see Crazy Yiuf.

Vanquished Creatures
  Ijyb (D:2)
  3 adders (D:2)
  2 worms (D:2)
  2 dart slugs (D:1)
  3 leopard geckos
  8 bats
  2 goblins
  3 hobgoblins
  A frilled lizard (D:2)
  9 kobolds
  4 rats (D:1)
38 creatures vanquished.

Notes
Turn   | Place    | Note
-------+----------+-------------------------------------------
     0 | D:1      | Maelstr0m the Formicid Fighter began the quest for the Orb.
     0 | D:1      | Reached XP level 1. HP: 18/18 MP: 1/1
    31 | D:1      | Reached XP level 2. HP: 14/24 MP: 2/2
   443 | D:1      | Reached XP level 3. HP: 29/29 MP: 3/3
   758 | D:1      | You fall through a shaft!
   813 | D:2      | Reached XP level 4. HP: 33/37 MP: 4/4
   983 | D:2      | Noticed Ijyb
   989 | D:2      | Killed Ijyb
  1062 | D:2      | Reached XP level 5. HP: 39/42 MP: 5/5
  1082 | D:2      | Found a runed door.
  1086 | D:2      | Noticed Crazy Yiuf
  1101 | D:2      | HP: 1/42 [poisoned by Crazy Yiuf]
  1101 | D:2      | Slain by Crazy Yiuf

Skill      XL: |  1  2  3  4 |
---------------+-------------+-----
Shields        | 4 |  4.3
Fighting       | 4 |  4.0
Axes           | 3 |  3.2
Armour         | 4 |  4.0

Action                   |  1- 3 |  4- 6 || total
-------------------------+-------+-------++-------
Melee: War axe           |    78 |    40 ||   118
  Eat: Chunk             |       |     1 ||     1
Armor: Scale mail        |    48 |    12 ||    60
       Chain mail        |       |     4 ||     4
Dodge: Dodged            |    42 |    11 ||    53
Block: Shield            |    37 |    27 ||    64
